[Event "Team 45 45 League T83"]
[Site "Internet Chess Club"]
[Date "2020.01.14"]
[Round "2"]
[White "olivermx"]
[Black "pokerram"]
[Result "1/2-1/2"]
[WhiteElo "1315"]
[BlackElo "1530"]
[Opening "Sicilian: closed"]
[ECO "B23"]
[Time "17:04:48"]
[TimeControl "2700+45"]

1. e4 c5 2. Nc3 a6 3. f4 b5 4. d3 e6 5. Nf3 Bb7 6. Be2 Nc6 7. Bd2 d5 8. O-O d4
9. Nb1 Nf6 10. h3 h5 11. Qe1 Be7 12. b3 Nd7 13. Bc1 Nb6 14. Nbd2 h4 15. e5 Nb4
16. Qd1 N6d5 17. Ne4 Nc3 18. Nxc3 dxc3 19. Be3 Nd5 {Game drawn by mutual
agreement} 1/2-1/2

[Event "Team 45 45 League T83"]
[Site "Internet Chess Club"]
[Date "2020.01.08"]
[Round "2"]
[White "mongmong"]
[Black "Toalla"]
[Result "1-0"]
[WhiteElo "1477"]
[BlackElo "1231"]
[Opening "Queen's pawn game"]
[ECO "D02"]
[Time "18:07:03"]
[TimeControl "2700+45"]

1. d4 d5 2. Nf3 g6 3. g3 Bg7 4. Bg2 Nd7 5. O-O Ngf6 6. c4 c6 7. b3 O-O 8. Bb2
Re8 9. Nbd2 Nf8 10. Re1 Ne6 11. e4 dxe4 12. Nxe4 Nxe4 13. Rxe4 f5 14. Re2 h6 15.
Qe1 Nxd4 16. Nxd4 Bxd4 17. Bxd4 Qxd4 18. Rd1 Qf6 19. Re5 Kf7 20. f4 Be6 21. Rd2
Rad8 22. Qd1 Rxd2 23. Qxd2 g5 24. Bh3 g4 25. Bg2 h5 26. Qd4 a6 27. a3 h4 28. b4
hxg3 29. hxg3 Kg6 30. Qe3 Bxc4 31. Be4 Be6 32. Bc2 Kf7 33. Qb6 Rb8 34. Qc7 Rc8
35. Qxb7 Kg6 36. Qxa6 Rc7 37. Qe2 Kf7 38. a4 Rd7 39. a5 Rd5 40. Bb3 Rxe5 41.
fxe5 Qh6 42. Bxe6+ Qxe6 43. Qe3 Ke8 44. a6 Qc8 45. Qb6 Kd7 46. a7 Qa8 47. Qb8
{Black resigns} 1-0

[Event "Team 45 45 League T83"]
[Site "Internet Chess Club"]
[Date "2020.01.13"]
[Round "2"]
[White "clarinetref"]
[Black "rkjulianjr"]
[Result "1-0"]
[WhiteElo "1487"]
[BlackElo "1329"]
[Opening "English: New York (London) defensive system"]
[ECO "A12"]
[Time "11:10:46"]
[TimeControl "2700+45"]

1. Nf3 d5 2. c4 c6 3. b3 Nf6 4. Bb2 Bf5 5. g3 e6 6. Bg2 Nbd7 7. O-O Be7 8. d3 h6
9. cxd5 cxd5 10. Nbd2 O-O 11. e4 dxe4 12. Nd4 Bh7 13. dxe4 Nc5 14. Qe2 a6 15.
Rfd1 Qb6 16. Nc4 Qc7 17. f3 Rfd8 18. Kh1 b5 19. Ne3 Nh5 20. Rac1 Nxg3+ 21. hxg3
Qxg3 22. Qe1 Qf4 23. Ng4 h5 24. Qe3 Qg3 25. Qf2 Qf4 26. Qe3 Qg3 27. Ne2 Qh4+ 28.
Nh2 Rxd1+ 29. Rxd1 Rd8 30. Rxd8+ Bxd8 31. Qxc5 Qe1+ 32. Bf1 Kh8 33. Qf8+ Bg8 34.
Qxg7# {Black checkmated} 1-0

[Event "Team 45 45 League T83"]
[Site "Internet Chess Club"]
[Date "2020.01.11"]
[Round "2"]
[White "Visin"]
[Black "sdcohle"]
[Result "0-1"]
[WhiteElo "1233"]
[BlackElo "1393"]
[Opening "French: Rubinstein variation"]
[ECO "C10"]
[Time "14:30:47"]
[TimeControl "2700+45"]

1. e4 e6 2. d4 d5 3. Nc3 dxe4 4. Nxe4 Nd7 5. Be2 Ngf6 6. Ng3 Be7 7. c4 O-O 8.
Nf3 b6 9. a3 Bb7 10. b4 c5 11. dxc5 bxc5 12. Rb1 cxb4 13. axb4 Ne4 14. Nxe4 Bxe4
15. Bd3 Nf6 16. O-O Qxd3 17. Qxd3 Bxd3 18. Rb2 {White resigns} 0-1

[Event "Team 45 45 League T83"]
[Site "Internet Chess Club"]
[Date "2020.01.12"]
[Round "2"]
[White "PsyMar"]
[Black "Just-Jim"]
[Result "0-1"]
[WhiteElo "1173"]
[BlackElo "1317"]
[Opening "KP: Nimzovich defense"]
[ECO "B00"]
[Time "11:50:55"]
[TimeControl "2700+45"]

1. e4 Nc6 2. d4 e5 3. d5 Nce7 4. Nf3 d6 5. c4 b6 6. Nc3 Ng6 7. Bg5 f6 8. Be3 Bb7
9. Bd3 N8e7 10. Qa4+ Qd7 11. Nb5 a6 12. Nxc7+ Kd8 13. Qxd7+ Kxd7 14. Nxa8 Bxa8
15. Bxb6 Nc8 16. Ba5 Be7 17. O-O Bd8 18. Bc3 Bb7 19. b4 Bb6 20. a4 Nf4 21. Bc2
Ne2+ 22. Kh1 Nxc3 23. a5 Bc7 24. Ra3 Ne2 25. Ba4+ Ke7 26. Bc6 Bxc6 27. dxc6 Na7
28. b5 axb5 29. cxb5 Nxb5 30. Ra2 Nf4 31. a6 Ra8 32. Rb1 Nc3 33. Rb7 Nxa2 34.
Rxc7+ Kf8 35. a7 Nb4 36. Nh4 Nfd3 37. Kg1 Nc5 38. Nf5 Ne6 39. Rf7+ Kxf7 40.
Nxd6+ Kf8 41. Nb7 Nxc6 {White resigns} 0-1

[Event "Team 45 45 League T83"]
[Site "Internet Chess Club"]
[Date "2020.01.12"]
[Round "2"]
[White "kc4tac"]
[Black "gregorgg"]
[Result "0-1"]
[WhiteElo "1190"]
[BlackElo "1199"]
[Opening "English opening"]
[ECO "A20"]
[Time "15:31:52"]
[TimeControl "2700+45"]

1. c4 e5 2. g3 Nf6 3. Bg2 d6 4. e4 Be7 5. Ne2 O-O 6. Nbc3 Nc6 7. d4 Bg4 8. f3
exd4 9. Nxd4 Nxd4 10. fxg4 Nc6 11. O-O Ne5 12. g5 Nfd7 13. b3 Bxg5 14. Bxg5 Qxg5
15. Rf5 Qe3+ 16. Rf2 Qxc3 17. Rc1 Qe3 18. Qe1 Qxe1+ 19. Rxe1 Nd3 {White resigns}
0-1

[Event "Team 45 45 League T83"]
[Site "Internet Chess Club"]
[Date "2020.01.12"]
[Round "2"]
[White "dabodhi"]
[Black "OGO"]
[Result "0-1"]
[WhiteElo "1279"]
[BlackElo "1257"]
[Opening "Robatsch defense"]
[ECO "B06"]
[Time "13:52:02"]
[TimeControl "2700+45"]

1. e4 g6 2. d4 Bg7 3. Nc3 e6 4. f4 Nc6 5. Nf3 Nge7 6. Be2 O-O 7. O-O d6 8. Be3
Bd7 9. Qe1 d5 10. a3 dxe4 11. Nxe4 Nf5 12. Qf2 a6 13. Rad1 Qe7 14. b4 Na7 15.
Nh4 Nxe3 16. Qxe3 Qxh4 17. Ng5 f6 18. Nxe6 Bxe6 19. Qxe6+ Kh8 20. Rf3 Rad8 21.
Rh3 Qxf4 22. c3 Nb5 23. Qc4 f5 24. Rf3 Qe4 25. Bd3 Qe7 26. a4 Nd6 27. Qb3 Ne4
28. Qc2 Ng5 29. Rff1 Qe3+ 30. Kh1 Rfe8 31. Rfe1 Qxe1+ {White resigns} 0-1

[Event "Team 45 45 League T83"]
[Site "Internet Chess Club"]
[Date "2020.01.08"]
[Round "2"]
[White "kingsrook"]
[Black "CMAlge"]
[Result "0-1"]
[WhiteElo "1224"]
[BlackElo "1266"]
[Opening "QGD: exchange, positional line"]
[ECO "D35"]
[Time "19:00:21"]
[TimeControl "2700+45"]

1. d4 d5 2. c4 e6 3. Nc3 Nf6 4. cxd5 exd5 5. Bg5 Be7 6. e3 Nbd7 7. Bd3 c6 8.
Nge2 O-O 9. Qc2 Re8 10. Bxf6 Nxf6 11. O-O Be6 12. h3 Rc8 13. Nf4 Bd6 14. Nxe6
Rxe6 15. Bf5 Qe8 16. Bxe6 Qxe6 17. Rfe1 b5 18. e4 dxe4 19. Nxe4 Qf5 20. Nxf6+
Qxf6 21. Qe4 Rf8 22. Qxc6 Bh2+ 23. Kxh2 Qxc6 24. Rad1 g6 25. d5 Qd6+ 26. Kg1 Rc8
27. Re2 a5 28. a3 a4 29. g3 Kg7 30. Kg2 Kf6 31. Kf1 h5 32. Kg2 g5 33. Kg1 Rc5
34. Red2 Rc4 35. Kg2 Re4 36. Rc2 Rc4 37. Rcd2 Kg6 38. Re2 Rc5 39. Red2 f5 40.
Kg1 h4 41. Kg2 hxg3 42. fxg3 f4 43. g4 f3+ 44. Kxf3 Qf4+ 45. Kg2 Rc2 {White
resigns} 0-1

[Event "Team 45 45 League T83"]
[Site "Internet Chess Club"]
[Date "2020.01.11"]
[Round "2"]
[White "seldredg"]
[Black "NineteenHockey"]
[Result "1-0"]
[WhiteElo "1302"]
[BlackElo "1091"]
[Opening "Queen's pawn game, Chigorin variation"]
[ECO "D02"]
[Time "13:00:39"]
[TimeControl "2700+45"]

1. d4 d5 2. Nf3 Nc6 3. Bf4 Nf6 4. e3 e6 5. c3 Be7 6. Nbd2 O-O 7. Bd3 Re8 8. Ne5
Nxe5 9. dxe5 Nd7 10. Nf3 Nc5 11. Bc2 b6 12. h4 h6 13. Nd2 Bb7 14. Nb3 Nxb3 15.
axb3 Bxh4 16. Qd3 Kf8 17. Qh7 d4 18. Qh8+ Ke7 19. Qxg7 Bxg2 20. Rxh4 Kd7 21. Rh2
Bf3 22. Bxh6 dxc3 23. bxc3 Kc8 24. Rh3 Bc6 25. Rd1 Qe7 26. b4 Kb7 27. Bg5 f6 28.
exf6 Qxg7 29. fxg7 Kb8 30. Rh8 {Black resigns} 1-0